Map: [ESL] Ancient Cistern

Players

Serral - Winner!

  • Race: Zerg Zerg

ByuN

  • Race: Terran Terran

Event: IEM Katowice 2023

VOD

Have the link to the VOD?

Description

Time

  • Played on: Feb. 11, 2023, 11:25 a.m.
  • Length: 11:49

All games in this series

Show
View Real Time Build Order
Export as new Build Order

Serral Zerg - Winner!

Build Orders: Pool First 

Get SALT Encoding   

  12  0:00  Drone  
  13  0:12  Overlord  
  13  0:16  Drone  
  14  0:31  Drone x2  
  14  0:34  Drone  
  17  0:45  Extractor, Drone  
  17  0:49  Spawning Pool  
  16  0:55  Drone  
  17  1:06  Drone  
  18  1:16  Hatchery  
  17  1:20  Drone  
  18  1:35  Queen  
  18  1:36  Zergling x2  
  18  1:39  Zergling x2  
  22  1:47  Metabolic Boost  
  22  1:52  Overlord  
  22  2:11  Drone x2, Queen  
  26  2:21  Zergling x2  
  27  2:28  Queen  
  29  2:34  Drone, Zergling x2  
  31  2:41  Overlord  
  31  2:42  Zergling x2  
  31  2:43  Zergling x2  
  33  2:44  Zergling x2  
  33  2:46  Zergling x2  
  35  2:55  Drone  
  35  2:57  Overlord  
  36  3:02  Drone  
  36  3:05  Drone  
  38  3:11  Drone  
  38  3:16  Drone x4  
  40  3:26  Hatchery  
  39  3:31  Drone x2  
  41  3:37  Drone x3  
  44  3:44  Drone  
  44  3:47  Drone  
  46  3:52  Queen x2  
  46  3:54  Drone  
  51  3:58  Overlord  
  51  4:02  Overlord  
  51  4:03  Drone  
  51  4:09  Overlord  
  52  4:16  Drone  
  52  4:17  Drone x4  
  57  4:21  Overlord, Drone x2  
  59  4:30  Queen  
  61  4:31  Evolution Chamber  
  61  4:33  Queen  
  61  4:35  Drone  
  63  4:39  Queen  
  63  4:44  Drone x3  
  68  4:47  Drone x2  
  68  4:52  Drone x3  
  73  4:58  Zerg Ground Armor Level 1  
  73  5:00  Baneling Nest  
  73  5:01  Extractor, Drone x2  
  73  5:03  Drone  
  73  5:04  Drone  
  73  5:06  Drone  
  76  5:10  Overlord  
  76  5:11  Queen  
  78  5:15  Queen  
  80  5:22  Zergling x4  
  80  5:25  Lair  
  82  5:30  Hatchery  
  82  5:33  Zergling x8  
  84  5:38  Zergling x2  
  84  5:39  Zergling x8  
  84  5:42  Overlord  
  89  5:45  Overlord  
  89  5:53  Overlord  
  89  5:55  Overlord  
  89  5:59  Queen  
  89  6:00  Zergling x6  
  89  6:01  Zergling x2  
  95  6:04  Drone  
  95  6:05  Extractor, Drone x3  
  95  6:07  Extractor  
  95  6:10  Drone  
  98  6:13  Drone x3  
  98  6:16  Overlord, Drone  
  98  6:17  Zergling x6, Evolution Chamber  
  104  6:20  Baneling x3  
  104  6:21  Baneling x5  
  104  6:23  Zergling x6  
  107  6:26  Zergling x4  
  107  6:31  Centrifugal Hooks  
  109  6:35  Zergling x2  
  109  6:38  Queen  
  112  6:42  Overlord  
  112  6:44  Zergling x16  
  112  6:45  Zergling x2  
  121  6:50  Baneling x8  
  121  6:57  Zergling x14  
  121  7:01  Zergling x2  
  125  7:03  Zergling x2  
  125  7:04  Zergling x4  
  115  7:09  Baneling x2  
  115  7:10  Zergling x6  
  115  7:15  Zergling x8  
  122  7:19  Zergling x6  
  125  7:30  Zergling x12  
  125  7:32  Zerg Ground Armor Level 2, Zerg Melee Weapons Level 1  
  131  7:37  Queen  
  131  7:41  Zergling x6  
  131  7:42  Zergling x4  
  131  7:45  Zergling x4  
  131  7:50  Zergling x2  
  131  7:51  Zergling x6  
  136  7:59  Hatchery  
  136  8:03  Zergling x2  
  136  8:04  Zergling x4  
  138  8:09  Overlord  
  138  8:10  Zergling x6  
  137  8:16  Baneling x8  
  137  8:17  Baneling x3  
  124  8:27  Zergling x20  
  118  8:34  Zergling x2  
  118  8:39  Zergling x4  
  120  8:44  Baneling x4  
  120  8:45  Baneling x2  
  120  8:47  Zergling x16  
  128  8:54  Hatchery  
  126  8:57  Zergling x2  
  126  8:58  Zergling x6  
  130  9:04  Overlord  
  130  9:08  Zergling x8  
  134  9:13  Zergling x8  
  138  9:25  Hydralisk Den, Zergling x14  
  138  9:28  Baneling x5  
  138  9:29  Baneling  
  144  9:32  Zergling x4  
  145  9:42  Zergling x16  
  146  9:46  Baneling x10  
  146  9:52  Zergling x2  
  146  9:53  Zergling x10  
  136  10:02  Zergling x6  
  122  10:11  Zergling x2  
  122  10:12  Zergling x12  
  119  10:17  Hydralisk Den, Grooved Spines  
  112  10:22  Hydralisk x7  
  112  10:27  Spore Crawler  
  120  10:29  Hydralisk  
  115  10:35  Hydralisk  
  115  10:37  Zergling x8  
  120  10:45  Hydralisk  
  120  10:46  Zergling x6  
  120  10:47  Baneling x5  
  125  10:50  Zergling x12  
  125  10:51  Zergling x2  
  132  10:58  Zergling x2  
  132  10:59  Zergling x4  
  132  11:03  Hydralisk x3  
  137  11:04  Zergling x2  
  137  11:09  Zergling x8  
  140  11:20  Zergling x12  
  141  11:29  Drone x7  
  141  11:30  Zergling x4  
Show
View Real Time Build Order
Export as new Build Order

ByuN Terran 

Build Orders:  

Get SALT Encoding   

  12  0:00  SCV  
  13  0:12  SCV  
  14  0:17  Supply Depot  
  14  0:24  SCV  
  15  0:39  SCV  
  15  0:40  Barracks  
  16  0:44  Refinery  
  16  0:51  SCV  
  17  0:59  Barracks  
  17  1:03  SCV  
  18  1:15  SCV  
  19  1:19  Barracks  
  19  1:28  Reaper  
  20  1:35  Orbital Command  
  20  1:41  Refinery  
  20  1:46  Reaper  
  21  1:53  Supply Depot  
  21  2:01  SCV  
  21  2:03  Reaper  
  23  2:15  SCV  
  24  2:19  Reaper  
  24  2:22  Supply Depot  
  25  2:24  Reaper  
  25  2:27  SCV  
  27  2:39  SCV, Reaper  
  29  2:51  Reaper  
  29  2:52  SCV  
  29  2:57  Command Center  
  31  3:04  SCV  
  32  3:19  Barracks Tech Lab  
  27  3:20  Barracks Reactor  
  27  3:23  Barracks Reactor  
  27  3:25  SCV  
  28  3:27  Factory  
  28  3:37  SCV  
  28  3:39  Marine  
  30  3:41  Stimpack  
  30  3:49  SCV  
  31  3:57  Marine x2  
  31  3:59  Marine x2  
  31  4:00  Marine  
  31  4:01  SCV  
  37  4:09  Orbital Command  
  37  4:11  Factory Reactor, Starport  
  37  4:13  SCV  
  37  4:15  Marine x2  
  37  4:17  Marine x2  
  42  4:24  Refinery  
  42  4:26  SCV  
  42  4:27  Engineering Bay  
  42  4:30  Marine  
  44  4:36  SCV  
  44  4:38  SCV  
  46  4:40  Supply Depot  
  46  4:45  Marine x2  
  46  4:46  Marine x2  
  46  4:48  Marine  
  46  4:49  SCV  
  46  4:51  SCV  
  53  4:54  Terran Infantry Weapons Level 1  
  53  5:01  SCV  
  53  5:03  SCV  
  53  5:05  Medivac x2  
  59  5:11  Marine x3  
  59  5:13  Factory Tech Lab  
  62  5:19  Supply Depot  
  62  5:22  Marine x2, SCV x2  
  66  5:28  Supply Depot  
  66  5:33  Siege Tank  
  66  5:35  SCV  
  70  5:38  Combat Shield  
  70  5:41  SCV  
  70  5:42  Marine x3  
  72  5:43  Marine x2  
  76  5:50  Supply Depot  
  76  5:52  SCV  
  76  5:53  SCV  
  78  6:01  Marine x2  
  78  6:02  Marine x3  
  84  6:04  SCV  
  84  6:05  SCV  
  84  6:07  Supply Depot  
  85  6:12  Siege Tank  
  85  6:15  Supply Depot  
  85  6:18  Refinery  
  88  6:23  Medivac x2  
  92  6:28  SCV x2  
  92  6:31  Marine  
  92  6:32  Marine  
  96  6:38  Marine x3  
  99  6:45  Siege Tank  
  102  6:48  Supply Depot  
  102  6:49  Marine  
  106  6:57  Liberator  
  105  7:06  Marine x4, Liberator  
  105  7:07  Marine  
  104  7:16  Terran Infantry Armor Level 1  
  104  7:24  Marine  
  104  7:26  Marine x4  
  104  7:27  Siege Tank  
  112  7:33  Supply Depot  
  112  7:41  Marine  
  113  7:52  Marine x3  
  113  7:54  Liberator  
  120  7:59  Siege Tank  
  122  8:10  Marine x3  
  121  8:14  Marine x2  
  121  8:16  Liberator  
  124  8:28  Marine x3  
  114  8:34  Siege Tank  
  114  8:37  Liberator  
  119  8:45  Marine  
  119  8:46  Marine x4  
  119  8:47  Command Center  
  124  8:52  SCV x2  
  124  8:53  Barracks  
  124  8:55  Barracks  
  126  9:10  Marine x5, Liberator  
  134  9:25  Supply Depot x2  
  134  9:38  Marine  
  134  9:46  Marine x4, Siege Tank  
  134  9:47  Barracks Reactor x2  
  141  9:56  Marine  
  129  10:04  Marine x4  
  119  10:14  Marine  
  115  10:18  Siege Tank  
  115  10:21  Marine  
  115  10:22  Marine  
  115  10:25  Medivac x2  
  122  10:32  Marine  
  123  10:39  Marine x2  
  123  10:48  Orbital Command  
  123  10:49  Marine  
  123  10:50  Siege Tank  
  123  10:52  Marine x3, Barracks Reactor  
  123  10:54  Supply Depot  
  130  10:57  Marine x2  
  130  10:58  Marine  
  123  11:07  Marine  
  123  11:10  Marine x3  
  123  11:15  Marine x2  
  123  11:16  Marine  
  126  11:25  Marine  
  121  11:28  Marine x3  
  121  11:29  Marine x2  

Tags
 
Add a new tag
Caveats
  • Supply blocks, unpowered buildings, or Contaminate may cause inaccurate times.
  • Supply counts are checked every 10 seconds.